 Dungeon Sprint DCSS version 0.21-a0-349-g0c35859 (webtiles) character file.

18270 Kidiri the Warrior (level 12, -11/124 HPs)
             Began as a Yellow Draconian Gladiator on Oct 7, 2017.
             Was a High Priest of Trog.
             Killed from afar by an ice dragon (39 damage)
             ... with a blast of cold
             ... in the Dungeon (Sprint IX: "|||||||||||||||||||||||||||||").
             The game lasted 00:18:21 (3345 turns).

Kidiri the Warrior (Yellow Draconian Gladiator)     Turns: 3345, Time: 00:18:22

Health: -11/124    AC: 17    Str: 25    XL:     12   Next: 26%
Magic:  20/20      EV: 21    Int:  8    God:    Trog [*****.]
Gold:   1900       SH:  0    Dex: 13    Spells: 11/11 levels left

rFire    . . .     SeeInvis .   a - +1 great mace
rCold    . . .     Gourm    .   (shield currently unavailable)
rNeg     . . .     Faith    .   (armour unavailable)
rPois    +         Spirit   .   b - +2 hat
rElec    .         Reflect  .   o - +2 cloak
rCorr    +         Harm     .   d - +1 pair of gloves
MR       +....     Rnd*Rage +   I - +1 pair of boots Stlth +.........NoTele +
                                (no amulet)
HPRegen  0.30/turn              p - +3 ring of strength
MPRegen  0.17/turn              H - ring of poison resistance

@: no status effects
A: spit acid, acid resistance, unfitting armour, horns 1, berserk 1, blurry
vision 1, magic resistance 1, evolution 1, cold-blooded, subdued magic 1, AC +8
a: Breathe Acid, Berserk, Trog's Hand, Brothers in Arms, Burn Spellbooks,
Renounce Religion


You were in the Dungeon.
You worshipped Trog.
Trog was extremely pleased with you.
You were not hungry.

You visited 1 branch You collected 1900 gold pieces.

Inventory:

Hand Weapons
 a - a +1 great mace (weapon)
Missiles
 c - 2 throwing nets
 v - 5 silver tomahawks
 w - 17 needles of sleeping
 x - 5 javelins of returning
 y - 15 steel javelins (quivered)
 D - 2 javelins of penetration
Armour
 b - a +2 hat (worn)
 d - a +1 pair of gloves (worn)
 o - a +2 cloak (worn)
 I - a +1 pair of boots (worn)
Jewellery
 p - a +3 ring of strength (left hand)
 q - a +3 ring of dexterity
 E - an uncursed ring of ice
 F - an uncursed ring of protection from fire
 G - an uncursed ring of protection from magic
 H - a ring of poison resistance (right hand)
Wands
 n - a wand of lightning (4/15)
Scrolls
 m - 4 scrolls of remove curse
 r - 2 scrolls of identify
 s - 2 scrolls of enchant weapon
 t - a scroll of recharging
 J - a scroll of blinking
 K - a scroll of fog
Potions
 e - 6 potions of curing
 f - 7 potions of heal wounds
 g - 2 potions of haste
 h - 4 potions of magic
 i - a potion of might
 j - a potion of flight
 k - 3 potions of brilliance
 l - a potion of invisibility
 B - a potion of resistance
Comestibles
 u - 39 fruits
 z - 12 bread rations
 A - 11 meat rations
 N - 5 chunks of flesh


   Skills:
 * Level 16.7 Fighting
 * Level 15.9 Maces & Flails
 + Level 10.6 Throwing
 * Level 14.7 Dodging
 + Level 11.2 Evocations


You had 11 spell levels left.
You didn't know any spells.

Dungeon Overview and Level Annotations

Branches:
Dungeon (1/1)

Altars:
Cheibriados
Dithmenos
Elyvilon
Fedhas
Gozag
Hepliaklqana
Kikubaaqudgha
Makhleb
Nemelex Xobeh
Okawaru
Qazlal
Ru
Sif Muna
Trog
Uskayaw
Vehumet
Wu Jian
Xom
Yredelemnul
Zin
The Shining One
Beogh
Jiyva
Lugonu

Shops:
D ((}*


Innate Abilities, Weirdness & Mutations

You can spit globs of acid.
You are resistant to acid.
Your golden yellow scales are hard. (AC +8)
You cannot fit into any form of body armour.
You are cold-blooded and may be slowed by cold attacks.
You have a pair of small horns on your head.
You tend to lose your temper in combat.
Scrolls take you a little longer to read.
You are resistant to hostile enchantments. (MR+)
You evolve.
Your spells are a little easier to cast, but a little less powerful.


Message History

The ice dragon misses you.
You barely miss the ice dragon. You headbutt the ice dragon.
You tail-slap the ice dragon.
The ice dragon is heavily wounded.
The ice dragon misses you. x2; The ice dragon completely misses you.
Unknown command.
You bludgeon the ice dragon!! You headbutt the ice dragon.
The ice dragon is severely wounded.
The ice dragon breathes frost at you. The blast of cold hits you!
* * * LOW HITPOINT WARNING * * *
You hear a shout!
Unknown command.
Unknown command.
Okay, then.
Your cyclops goes berserk!
You feel quite a bit more hungry. The ice dragon breathes frost at you.
The blast of cold hits you!
You die...

,*,*,*,*,*,*,*,*,▓.▓.▓.▓.▓.▓.▓
,*,*,*,*,*,*+*,▓g▓.▓.▓.▓.▓.▓.▓
,*,*,*,*,*,*,*,▓.▓.▓.▓.▓'▓.▓.▓
,*,*,*,*,*,*,*,▓(▓.▓.▓.▓.▓.▓.▓
,*,*,*,*,*,*,*,▓(▓.▓∩▓.▓(▓.▓.▓
,*,*,*,*,*,*,*,▓R▓.▓.▓.▓.▓.▓'▓
,*,*,*,*,*,*,*,▓T▓.▓∩▓.▓(▓.▓.▓
+*,*,*,*,*,*,*,▓D▓.▓)▓.▓.▓.▓.▓
,*,*,*,*,*,*,*,▓@▓.▓∩▓.▓.▓.▓[▓
,*,*,*,*,*,*,*,▓.▓.▓)▓.▓.▓.▓[▓
,*,*,*,*,*,*,*,▓C▓.▓∩▓.▓.▓.▓.▓
,*,*,*,*,*,*+*,▓)▓.▓)▓.▓.▓.▓)▓
,*,*,*,*,*,*,*,▓)▓.▓)▓.▓.▓.▓|▓
,*,*,*,*,*,*,*,▓.▓.▓)▓.▓.▓.▓?▓
,*,*,*,*,*,*,*,▓÷▓.▓)▓.▓.▓.▓.▓
,*,*,*,*,*,*,*,▓%▓.▓[▓.▓'▓.▓'▓
,*,*,*,*,*,*,*,▓.▓.▓'▓.▓.▓.▓_▓


You could see an ice dragon, a rakshasa, a deep troll earth mage, a boggart and
a friendly cyclops (berserk).

Vanquished Creatures
  2 catoblepae (D)
  2 hydras (D)
  4 centaur warriors (D)
  A two-headed ogre (D)
  4 death yaks (D)
  2 orc knights (D)
  4 orc sorcerers (D)
  A spiny frog (D)
  4 komodo dragons (D)
  A blink frog (D)
  3 yaks (D)
  Grum (D)
  5 water moccasins (D)
  6 orc warriors (D)
  An ogre (D)
  An ice beast (D)
  3 wolves (D)
  A centaur (D)
  4 crocodiles (D)
  A scorpion (D)
  2 killer bees (D)
  A hound (D)
  A jelly (D)
  4 orc priests (D)
  9 orc wizards (D)
  3 adders (D)
  7 orcs (D)
  A jackal (D)
  A kobold (D)
  A bat (D)
  A frilled lizard (D)
  A rat (D)
83 creatures vanquished.

Vanquished Creatures (collateral kills)
  A fire giant (D)
  A hydra (D)
  A death yak (D)
  3 orc sorcerers (D)
  3 ugly things (D)
  A kobold demonologist (D)
  A hornet (D)
  A yak (shapeshifter) (D)
  4 orc warriors (D)
  A sky beast (D)
17 creatures vanquished.

Vanquished Creatures (others)
  An orc wizard (D)
1 creature vanquished.

Grand Total: 101 creatures vanquished

Notes
Turn   | Place    | Note
-------+----------+-------------------------------------------
     0 | D        | Kidiri the Draconian Gladiator began the quest for the Orb.
     0 | D        | Reached XP level 1. HP: 17/17 MP: 1/1
    41 | D        | Reached XP level 2. HP: 24/25 MP: 2/2
    52 | D        | Reached skill level 3 in Fighting
    55 | D        | Reached skill level 5 in Maces & Flails
    55 | D        | Reached XP level 3. HP: 22/31 MP: 3/3
    76 | D        | Found a roughly hewn altar of Beogh.
    76 | D        | Found a snail-covered altar of Cheibriados.
    76 | D        | Found a shadowy altar of Dithmenos.
    76 | D        | Found a white marble altar of Elyvilon.
    76 | D        | Found a blossoming altar of Fedhas.
    76 | D        | Found an opulent altar of Gozag.
    77 | D        | Found a hazy altar of Hepliaklqana.
    78 | D        | Found a viscous altar of Jiyva.
    79 | D        | Found an ancient bone altar of Kikubaaqudgha.
    80 | D        | Found a corrupted altar of Lugonu.
    81 | D        | Found a burning altar of Makhleb.
    82 | D        | Found a sparkling altar of Nemelex Xobeh.
    83 | D        | Found an iron altar of Okawaru.
    84 | D        | Found a stormy altar of Qazlal.
    85 | D        | Found a sacrificial altar of Ru.
    86 | D        | Found a deep blue altar of Sif Muna.
    87 | D        | Found a bloodstained altar of Trog.
    88 | D        | Found a hide-covered altar of Uskayaw.
    89 | D        | Found a radiant altar of Vehumet.
    90 | D        | Found an ornate altar of the Wu Jian Council.
    91 | D        | Found a shimmering altar of Xom.
    92 | D        | Found a basalt altar of Yredelemnul.
    93 | D        | Found a glowing silver altar of Zin.
    94 | D        | Found a glowing golden altar of the Shining One.
    95 | D        | Became a worshipper of Trog the Wrathful
   206 | D        | Noticed a killer bee
   206 | D        | Noticed a killer bee
   206 | D        | Noticed an ice beast
   206 | D        | Noticed a crocodile
   206 | D        | Noticed a centaur
   206 | D        | Noticed a scorpion
   213 | D        | Killed a scorpion
   213 | D        | Reached skill level 4 in Fighting
   213 | D        | Reached skill level 1 in Evocations
   213 | D        | Reached XP level 4. HP: 34/41 MP: 3/5
   220 | D        | Killed a centaur
   220 | D        | Reached skill level 5 in Fighting
   220 | D        | Reached skill level 5 in Dodging
   220 | D        | Reached XP level 5. HP: 33/48 MP: 3/6
   231 | D        | Killed a crocodile
   231 | D        | Reached * piety under Trog
   231 | D        | Reached skill level 6 in Fighting
   233 | D        | Killed an ice beast
   233 | D        | Reached skill level 7 in Fighting
   233 | D        | Reached XP level 6. HP: 48/60 MP: 4/8
   239 | D        | Reached ** piety under Trog
   358 | D        | Noticed a centaur warrior
   358 | D        | Noticed a two-headed ogre
   358 | D        | Noticed a centaur warrior
   358 | D        | Noticed a centaur warrior
   363 | D        | Killed a centaur warrior
   363 | D        | Reached skill level 9 in Fighting
   363 | D        | Reached skill level 5 in Throwing
   363 | D        | Reached skill level 5 in Evocations
   363 | D        | Your scales start taking on a golden yellow colour.
   363 | D        | Reached XP level 7. HP: 59/70 MP: 9/11
   363 | D        | Reached XP level 8. HP: 66/78 MP: 9/12
   371 | D        | Reached skill level 10 in Maces & Flails
   376 | D        | Killed a centaur warrior
   376 | D        | Reached skill level 10 in Fighting
   378 | D        | Killed a two-headed ogre
   378 | D        | Reached *** piety under Trog
   378 | D        | Received a gift from Trog
   378 | D        | Reached skill level 11 in Fighting
   378 | D        | Reached skill level 10 in Dodging
   378 | D        | Reached XP level 9. HP: 73/89 MP: 10/14
   386 | D        | Killed a centaur warrior
   386 | D        | Reached skill level 12 in Fighting
   703 | D        | Noticed a spiny frog
   703 | D        | Noticed a komodo dragon
   704 | D        | Noticed a seven-headed hydra
   711 | D        | Killed a komodo dragon
   716 | D        | Killed a spiny frog
   716 | D        | Reached **** piety under Trog
   720 | D        | Killed a seven-headed hydra
   720 | D        | Reached XP level 10. HP: 100/100 MP: 14/16
   722 | D        | Received a gift from Trog
   722 | D        | Reached skill level 13 in Fighting
   731 | D        | Received a gift from Trog
   799 | D        | Noticed an eight-headed hydra
   844 | D        | Killed an eight-headed hydra
   844 | D        | Received a gift from Trog
   857 | D        | Received a gift from Trog
  1035 | D        | Noticed a death yak
  1035 | D        | Noticed a death yak
  1035 | D        | Noticed a catoblepas
  1035 | D        | Noticed a catoblepas
  1035 | D        | Noticed a death yak
  1037 | D        | Noticed a death yak
  1161 | D        | Noticed a death yak
  1188 | D        | Killed a death yak
  1188 | D        | Reached skill level 14 in Fighting
  1391 | D        | Killed a catoblepas
  1391 | D        | Reached XP level 11. HP: 105/111 MP: 16/18
  1398 | D        | Killed a catoblepas
  1425 | D        | Killed a death yak
  1747 | D        | Killed a death yak
  1763 | D        | Killed a death yak
  1778 | D        | Killed a death yak
  1778 | D        | Reached skill level 15 in Fighting
  1778 | D        | Reached skill level 10 in Evocations
  1780 | D        | Received a gift from Trog
  2160 | D        | Reached ***** piety under Trog
  2169 | D        | Received a gift from Trog
  2170 | D        | Received a gift from Trog
  2181 | D        | Received a gift from Trog
  2337 | D        | Noticed an orc knight
  2338 | D        | Received a gift from Trog
  2343 | D        | Noticed an orc knight
  2351 | D        | Reached ****** piety under Trog
  2366 | D        | Killed an orc knight
  2379 | D        | Killed an orc knight
  2381 | D        | Received a gift from Trog
  2391 | D        | Received a gift from Trog
  2393 | D        | Reached skill level 15 in Maces & Flails
  2399 | D        | Got a crude fustibalus {god gift}
  2508 | D        | Identified the +9 fustibalus "Cehitato" {venom, *Contam Fragile +Fly Str+5} (Trog gifted it to you in the Dungeon)
  2536 | D        | Gained mutation: Your spells are a little easier to cast, but a little less powerful. [mutagenic glow]
  2650 | D        | Found Diqomol's Assorted Antiques.
  2650 | D        | Noticed an orc sorcerer
  2650 | D        | Noticed an orc sorcerer
  2657 | D        | Noticed an orc sorcerer
  2660 | D        | Killed an orc sorcerer
  2662 | D        | Paralysed by an orc sorcerer for 4 turns
  2668 | D        | Killed an orc sorcerer
  2668 | D        | Reached skill level 10 in Throwing
  2669 | D        | Found Dotaozun's Gadget Shop.
  2669 | D        | Paralysed by an orc sorcerer for 2 turns
  2675 | D        | Killed an orc sorcerer
  2678 | D        | Found Nennetz's Weapon Boutique.
  2680 | D        | Found Oczy's Weapon Shop.
  2682 | D        | Noticed an orc sorcerer
  2683 | D        | Noticed an orc sorcerer
  2685 | D        | Noticed an orc sorcerer
  2685 | D        | Paralysed by an orc sorcerer for 4 turns
  2688 | D        | Noticed an orc sorcerer
  2696 | D        | Killed an orc sorcerer
  2696 | D        | Received a gift from Trog
  2696 | D        | Reached skill level 16 in Fighting
  2704 | D        | Killed an orc sorcerer
  2705 | D        | Noticed a soul eater
  2710 | D        | Killed an orc sorcerer
  2716 | D        | Killed an orc sorcerer
  2716 | D        | Reached XP level 12. HP: 38/122 MP: 20/20
  3027 | D        | Received a gift from Trog
  3030 | D        | Noticed Grum
  3040 | D        | Killed Grum
  3281 | D        | Noticed a seven-headed hydra
  3288 | D        | Killed a seven-headed hydra
  3293 | D        | Received a gift from Trog
  3298 | D        | Noticed a fire giant
  3305 | D        | Killed a fire giant
  3306 | D        | Noticed a centaur warrior
  3315 | D        | Killed a centaur warrior
  3315 | D        | Received a gift from Trog
  3322 | D        | Gained mutation: You tend to lose your temper in combat. [mutagenic meat]
  3323 | D        | Gained mutation: You are resistant to hostile enchantments. (MR+) [mutagenic meat]
  3324 | D        | Gained mutation: Scrolls take you a little longer to read. [mutagenic meat]
  3325 | D        | Gained mutation: You evolve. [mutagenic meat]
  3326 | D        | Gained mutation: You have a pair of small horns on your head. [mutagenic meat]
  3335 | D        | Noticed an ice dragon
  3336 | D        | Noticed a deep troll earth mage
  3338 | D        | Noticed a rakshasa
  3345 | D        | Killed from afar by an ice dragon

Vault maps used:
D:        linesprint

Skill      XL: |  1  2  3  4  5  6  7  8  9 10 11 12 |
---------------+-------------------------------------+-----
Dodging        | 3 4 5 6 8 10 11 12 14 | 14.7
Throwing       | 2 3 4 5 7 9 10 | 10.6
Maces & Flails | 4 5 6 7 9 11 12 13 15 | 15.9
Fighting       | 3 4 5 7 9 11 12 14 16 | 16.7
Evocations     | 1 2 3 5 7 8 9 10 11 | 11.2

Action                   |  1- 3 |  4- 6 |  7- 9 | 10-12 || total
-------------------------+-------+-------+-------+-------++-------
Melee: Flail             |    32 |       |       |       ||    32
       Tailslap          |     4 |     5 |    10 |    46 ||    65
       Dire flail        |     7 |    26 |    32 |   196 ||   261
       Morningstar       |       |       |       |    15 ||    15
       Great mace        |       |       |       |     9 ||     9
       Headbutt          |       |       |       |     2 ||     2
Throw: Tomahawk          |       |       |       |     8 ||     8
       Javelin           |       |       |       |     7 ||     7
       Throwing net      |       |       |       |     1 ||     1
Invok: Berserk           |       |     1 |     1 |     4 ||     6
       Trog's Hand       |       |     1 |       |       ||     1
       Brothers in Arms  |       |       |       |    10 ||    10
 Abil: Breathe Acid      |       |       |     2 |     7 ||     9
Evoke: Wand              |       |       |       |     3 ||     3
  Use: Potion            |       |     2 |       |     1 ||     3
       Scroll            |       |       |     4 |     3 ||     7
 Stab: Petrified         |       |       |       |     5 ||     5
  Eat: Chunk             |       |       |     1 |    13 ||    14
       Meat ration       |       |       |       |     1 ||     1
       Bread ration      |       |       |       |     1 ||     1
       Fruit             |       |       |       |     1 ||     1
Armor: Skin              |     5 |    10 |     4 |    36 ||    55
Dodge: Dodged            |    33 |    13 |    20 |   111 ||   177

Table legend:
 A = Spawn XP
 B = Non-spawn XP
 C = Spawn XP percentage of total XP
 D = Spawn monster count
 E = Non-spawn monster count
 F = Spawn count percentage of total count
 G = Total turns spent on level
                    A         B        C        D         E        F      G
               +---------+---------+-------+---------+---------+-------+---------
         Total |       0 |   26101 |   0.0 |       0 |     101 |   0.0 |  3345
               +---------+---------+-------+---------+---------+-------+---------
             D |       0 |   26101 |   0.0 |       0 |     101 |   0.0 |  3345
               +---------+---------+-------+---------+---------+-------+---------
